AoeStats
← Juankhan

Arabia

510308294Analyzed
1v1 RM · 1d ago on Sep 30, 2026· 22m 51s· 2 players
Game mode
Random Map
Map size
Tiny (2 player)
Population
200
Speed
Normal
Resources
Standard
Victory
Conquest
Starting age
Dark Age
Ending age
Imperial Age
RankedLock teamsTeams togetherTeam positionsShared explorationLock speedFull tech treeHidden civsTurbo modeCheats
Victory
Defeat
🇨🇱 Poles · Chile
1147
+15
🇧🇷 Bulgarians · Brazil
1115
-15
ZacEfron
7:50 Loom
9:54 Feudal Age
12:08 Horse Collar
14:11 Forging
15:21 Scale Mail Armor
22:06 Castle Age
20:56 Gold Mining
21:13 Arson
23:04 Gambesons
23:19 Squires
Juankhan
6:46 Loom
9:33 Feudal Age
14:02 Double-Bit Axe
17:00 Gold Mining
20:44 Castle Age
18:56 Fletching
19:23 Padded Archer Armor
19:29 Horse Collar
20:45 Stone Mining
20:45 Crossbowman
21:26 Bodkin Arrow
Connection lost

Rejoining the realm…

Still unreachable

The connection could not be restored.

Session expired

The server has moved on; the page needs a fresh start.